 Dungeon Crawl Stone Soup version 0.30-a0-782-ge64f9170bb (webtiles) character file.

Game seed: 8269341935543704297

2646 funkygono the Arsonist (level 9, -2/47 HPs)
             Began as a Gargoyle Fire Elementalist on Mar 8, 2023.
             Was a Believer of Sif Muna.
             Killed from afar by a starcursed mass (8 damage)
             ... with an accursed screaming
             ... on level 1 of the Abyss.
             The game lasted 00:11:52 (8133 turns).

funkygono the Arsonist (Gargoyle Fire Elementalist) Turns: 8133, Time: 00:11:52

Health: -2/47      AC: 14    Str: 12    XL:     9   Next: 62%
Magic:  12/20      EV: 12    Int: 20    God:    Sif Muna [**....]
Gold:   517        SH:  0    Dex: 10    Spells: 13/23 levels left

rFire   . . .      SeeInvis .    z - +2 flail (protect)
rCold   . . .      Faith    .    (no shield)
rNeg    + + .      Spirit   .    f - +1 robe {rN+}
rPois   ∞          Reflect  .    (no helmet)
rElec   +          Harm     .    (no cloak)
rCorr   .          Rampage  .    (no gloves)
Will    .....                    c - +0 pair of boots
Stlth   ++                       (no amulet)
HPRegen 0.27/turn                k - +4 ring of protection
MPRegen 0.17/turn                (no ring)

@: about to teleport
A: sickness immunity, AC +6, negative energy resistance 1, electricity
resistance, torment resistance 1, petrification resistance
a: Renounce Religion, Channel Magic


You were on level 1 of the Abyss.
You worshipped Sif Muna.
Sif Muna was pleased with you.
You visited 1 branch of the dungeon, and saw 8 of its levels.
You visited the Abyss 1 time.

You collected 517 gold pieces.

Inventory:

Hand Weapons
 h - a +0 quarterstaff
 n - a +0 whip
 t - a +3 mace of draining
 x - a +2 flail of draining
 z - a +2 flail of protection (weapon)
 A - the +8 dagger of Instant Death {freeze, Int+2}
   (You found it on level 5 of the Dungeon)

   Int:       It affects your intelligence (+2).
Missiles
 C - a throwing net
Armour
 c - a +0 pair of boots (worn)
 f - a +1 robe of positive energy (worn)
 q - a +2 leather armour of poison resistance
Magical Staves
 v - a staff of cold
Jewellery
 g - a +6 ring of strength
 k - a +4 ring of protection (left hand)
 u - the ring "Faaq" {rN+ Str+6 Int-4 Dex+6 Stlth+}
   (You found it on level 8 of the Dungeon)

   [ring of strength]

   Str:       It affects your strength (+6).
   Int:       It affects your intelligence (-4).
   Dex:       It affects your dexterity (+6).
   rN:        It protects you from negative energy.
   Stlth:     It makes you more stealthy.
Wands
 i - a wand of polymorph (9)
 w - a wand of charming (7)
 B - a wand of iceblast (4)
Scrolls
 a - 3 scrolls of poison
 j - 3 scrolls of teleportation
 p - 2 scrolls of amnesia
 D - a scroll of summoning
Potions
 b - 2 potions of magic
 d - 2 potions of invisibility
 e - 4 potions of berserk rage
 l - 2 potions of brilliance
 m - 3 potions of lignification
 o - a potion of mutation
 r - 4 potions of curing
 s - 3 potions of heal wounds


   Skills:
 + Level 1.0 Fighting
 + Level 2.2 Maces & Flails
 + Level 3.0 Dodging
 - Level 2.1 Stealth
 + Level 7.8 Spellcasting
 + Level 5.0 Conjurations
 + Level 8.1 Fire Magic


You had 13 spell levels left.
You knew the following spells:

 Your Spells              Type           Power      Damage    Failure   Level
a - Foxfire               Conj/Fire      100%       2x1d9     1%          1
b - Scorch                Fire           80%        2d9       1%          2
c - Kindle Blastsparks    Fire/Tloc/Air  36%        2d13      9%          3
d - Flame Wave            Conj/Fire      34%        2d10      6%          4

Your spell library contained the following spells:

 Spells                   Type           Power      Damage    Failure   Level
 Shock                    Conj/Air       68%        1d7       3%          1
 Inner Flame              Hex/Fire       24%        N/A       4%          3
 Necrotise                Necr           28%        1d5       9%          1
 Slow                     Hex            28%        N/A       9%          1
 Confusing Touch          Hex            7%         N/A       26%         3
 Swiftness                Air            7%         N/A       26%         3
 Vampiric Draining        Necr           7%         2d6       26%         3
 Airstrike                Air            3%         2d(1-17)  65%         4
 Animate Armour           Summ/Erth      14%        N/A       65%         4
 Agony                    Necr           7%         N/A       94%         5
 Blade Hands              Tmut           3%         N/A       94%         5
 Iron Shot                Conj/Erth      8%         9d3       99%         6
 Chain Lightning          Conj/Air       8%         3d11      100%        9
 Fire Storm               Conj/Fire      17%        8d4       100%        9
 Shatter                  Erth           3%         3d7*      100%        9


Dungeon Overview and Level Annotations

Branches:
Dungeon (8/15)             Temple (0/1) D:7
   Lair: D:8-11

Altars:
Ashenzari
Gozag
Kikubaaqudgha
Ru
Sif Muna
Uskayaw
Yredelemnul
The Shining One

Annotations:
D:4 3 runed translucent doors, Aldia's ghost, amateur SpAr; Barriton's ghost, amateur DrFE; ak47sunrisetnf's ghost, amateur GnCj; caveywoolpert's ghost, amateur GrEE
D:8 Psyche


Innate Abilities, Weirdness & Mutations

You are immune to sickness and miasma.
Your stone body is resilient. (AC +6)
You are immune to poison.
You resist negative energy. (rN+)
You are resistant to electric shocks. (rElec)
You are resistant to unholy torment.
You are immune to petrification.


Message History

You conjure some foxfire!
A starcursed mass splits.
Casting: Foxfire (safe; 1% risk of failure)
Confirm with . or Enter, or press ? or * to list all spells.
There is not enough space to conjure foxfire!
The foxfire hits the starcursed mass.
The starcursed mass is lightly damaged.
The starcursed mass shudders and is absorbed by its neighbour.
The foxfire hits the starcursed mass.
The starcursed mass is lightly damaged.
The foxfire hits the starcursed mass.
The starcursed mass is lightly damaged.
A starcursed mass splits.
A chorus of shrieks assaults your mind.
A starcursed mass splits.
A chorus of shrieks assaults your mind.
* * * LOW HITPOINT WARNING * * *
Casting: Foxfire (safe; 1% risk of failure)
Confirm with . or Enter, or press ? or * to list all spells.
You conjure some foxfire!
Casting: Foxfire (safe; 1% risk of failure)
Confirm with . or Enter, or press ? or * to list all spells.
Flames lash the starcursed mass.
The starcursed mass is heavily damaged.
The starcursed mass's fire resistance burns away.
The starcursed mass shudders and is absorbed by its neighbour.
The foxfire hits the starcursed mass.
The starcursed mass is moderately damaged.
The starcursed mass shudders and withdraws towards its neighbour.
A starcursed mass splits.
Unknown command.
A chorus of shrieks assaults your mind.
* * * LOW HITPOINT WARNING * * *
As you read the scroll of teleportation, it crumbles to dust.
You feel strangely unstable.
You feel the power of the Abyss delaying your translocation!
The foxfire hits the starcursed mass.
The starcursed mass is burned terribly!
The starcursed mass is moderately damaged.
The starcursed mass shudders and is absorbed by its neighbour.
The starcursed mass shrieks in your mind.
You die...

# # #..# .
# .... #
##..# ...#
# #. . # .
.#
##..###...
#..X.#..#
#
#.v#.§.##
##..#
##§.### #
# .. #...#
##@§§# . #
.# ...###
##### . .
.#.
...##...##
.. _.#. .
## # ####
##. . #.
#.# . .. #
.. #.#.# .
.


You could see a starcursed mass (combustible).

Vanquished Creatures
  Joseph (D:8)
  Grinder (D:3)
  A wyvern (D:7)
  An ice beast (D:6)
  An orc warrior (D:7)
  2 black bears
  3 ogres
  3 centaurs
  A phantom (D:6)
  A bullfrog (D:8)
  A necrophage (D:6)
  2 scorpions (D:5)
  A gnoll sergeant (D:5)
  3 jellies
  2 howler monkeys
  A gnoll bouda (D:6)
  2 orc priests
  A hound (D:7)
  An iguana (D:6)
  Terence (D:3)
  6 orc wizards
  5 adders
  6 gnolls
  A white imp (D:6)
  An ufetubus (D:7)
  2 worms
  A dart slug (D:1)
  34 orcs
  9 endoplasms
  4 giant cockroaches
  7 goblins
  6 hobgoblins
  A jackal (D:1)
  2 quokkas
  10 ball pythons
  6 bats
  3 frilled lizards (D:1)
  8 kobolds
  3 rats
  A spectral orc (D:4)
146 creatures vanquished.

Vanquished Creatures (others)
  An orc wizard (D:4)
  502 foxfires
503 creatures vanquished.

Grand Total: 649 creatures vanquished

Notes
Turn   | Place    | Note
-------+----------+-------------------------------------------
     0 | D:1      | funkygono the Gargoyle Fire Elementalist began the quest
                  | for the Orb.
     0 | D:1      | Reached XP level 1. HP: 10/10 MP: 3/3
   225 | D:1      | Reached XP level 2. HP: 15/15 MP: 0/5
   228 | D:1      | Learned a level 2 spell: Scorch
   657 | D:1      | Reached XP level 3. HP: 19/19 MP: 4/6
   661 | D:1      | Learned a level 3 spell: Kindle Blastsparks
  1441 | D:2      | Reached XP level 4. HP: 24/24 MP: 1/8
  1669 | D:2      | Reached skill level 4 in Fire Magic
  2281 | D:2      | Found a faded altar of an unknown god.
  2481 | D:3      | Found an opulent altar of Gozag.
  2495 | D:3      | Noticed Grinder
  2606 | D:2      | Reached XP level 5. HP: 12/28 MP: 2/10
  2613 | D:2      | Learned a level 4 spell: Flame Wave
  2696 | D:3      | Killed Grinder
  2697 | D:3      | Reached XP level 6. HP: 26/32 MP: 2/12
  2873 | D:3      | Noticed Terence
  2880 | D:3      | Killed Terence
  3177 | D:3      | Found a shimmering blue altar of Sif Muna.
  3184 | D:3      | Became a worshipper of Sif Muna the Loreminder
  3453 | D:3      | Reached skill level 5 in Fire Magic
  3713 | D:4      | Reached XP level 7. HP: 37/37 MP: 9/13
  3843 | D:4      | Found a broken altar of Ashenzari.
  4078 | D:4      | Found a runed translucent gate.
  4079 | D:4      | Found a runed translucent gate.
  4079 | D:4      | Found a runed translucent gate.
  4080 | D:4      | Noticed Aldia's ghost (amateur SpAr)
  4080 | D:4      | Noticed ak47sunrisetnf's ghost (amateur GnCj)
  4081 | D:4      | Noticed caveywoolpert's ghost (amateur GrEE)
  4081 | D:4      | Noticed Barriton's ghost (amateur DrFE)
  4213 | D:4      | Reached * piety under Sif Muna
  4414 | D:4      | Found a basalt altar of Yredelemnul.
  4756 | D:5      | Entered Level 5 of the Dungeon
  4787 | D:5      | Reached skill level 6 in Fire Magic
  4789 | D:5      | Reached skill level 5 in Spellcasting
  5068 | D:5      | Reached XP level 8. HP: 42/42 MP: 6/16
  5307 | D:5      | Identified the +8 dagger of Instant Death {freeze, Int+2}
  5818 | D:5      | Found a sacrificial altar of Ru.
  5911 | D:6      | Noticed a +0 short sword
  5911 | D:6      | Noticed a +0 spear
  5911 | D:6      | Noticed a +0 falchion
  5911 | D:6      | Noticed a +0 short sword
  5912 | D:6      | Noticed a +0 dagger
  5913 | D:6      | Noticed a +0 spear
  5914 | D:6      | Noticed a +0 dagger
  5915 | D:6      | Noticed a +0 falchion
  5921 | D:6      | Reached skill level 1 in Maces & Flails
  6111 | D:6      | Reached skill level 7 in Fire Magic
  6122 | D:6      | Reached ** piety under Sif Muna
  6153 | D:5      | Reached XP level 9. HP: 33/46 MP: 1/19
  6343 | D:6      | Found a hide-covered altar of Uskayaw.
  7114 | D:7      | Found a staircase to the Ecumenical Temple.
  7208 | D:7      | Found an ancient bone altar of Kikubaaqudgha.
  7389 | D:7      | Found a glowing golden altar of the Shining One.
  7806 | D:8      | Noticed Joseph
  7815 | D:8      | Killed Joseph
  7816 | D:8      | Reached skill level 1 in Fighting
  7816 | D:8      | Reached skill level 5 in Conjurations
  7816 | D:8      | Reached skill level 8 in Fire Magic
  7940 | D:8      | Identified the ring "Faaq" {rN+ Str+6 Int-4 Dex+6 Stlth+}
  8044 | D:8      | Noticed Psyche
  8050 | Abyss:1  | Cast into level 1 of the Abyss (Psyche)
  8090 | Abyss:1  | Found a corrupted altar of Lugonu.
  8113 | Abyss:1  | Noticed a starcursed mass
  8133 | Abyss:1  | Killed from afar by a starcursed mass

Illustrated notes

Levels and vault maps discovered:
D:1:      lightli_arrival_statue_moat, layout_loops_cross, minmay_distorted
D:2:      minmay_chambers_of_ones, layout_basic, shapermc_ecumenical_altar_petra
D:3:      layout_basic, mainiacjoe_overflow_paths, amcnicky_altar_gilded,
          uniq_grinder, uniq_terence
D:4:      layout_loops_ring, lemuel_doored_altar,
          yredelemnul_forgotten_temple_becter, gammafunk_ghost_cemetery
D:5:      layout_basic, mainiacjoe_overflow_six_doors_small
D:6:      layout_basic, nicolae_uskayaw_en_pointe
D:7:      layout_gridville, kiku_gazebo_pond_becter,
          nicolae_overflow_hidden_temple, minmay_temple_entry_drinking_statues,
          nicolae_elevator_lobby_asterisk
D:8:      layout_loops_ring, serial_shops, nicolae_stop_n_shop_2,
          enter_bailey_8, minmay_quadrilaterals, uniq_maggie, uniq_psyche,
          uniq_joseph
Abyss:1:  base:
D:1

Skill      XL: |  1  2  3  4  5  6  7  8  9 |
---------------+----------------------------+-----
Fire Magic     | 4 5 6 7 8 |  8.1
Spellcasting   | 3 4 5 6 7 |  7.8
Conjurations   | 2 3 4 5 |  5.0
Dodging        | 2 3 |  3.0
Maces & Flails | 1 2 |  2.2
Fighting       | 1 |  1.0
Stealth        | |  2.1

Action                     |  1- 3 |  4- 6 |  7- 9 || total
---------------------------+-------+-------+-------++-------
  Melee: Club              |     2 |       |       ||     2
         Mace              |     1 |     3 |    16 ||    20
         Whip              |       |     3 |       ||     3
         Flail             |       |       |    28 ||    28
   Cast: Foxfire           |    57 |    72 |   161 ||   290
         Scorch            |     4 |    15 |    39 ||    58
         Flame Wave        |       |       |     2 ||     2
    Use: Scroll            |       |     9 |    11 ||    20
 Armour: Robe              |     7 |     8 |    42 ||    57
  Dodge: Dodged            |    23 |    21 |    78 ||   122

Table legend: (Time is in decaauts)
 A = Elapsed time spent in this place.
 B = Non-inter-level travel time spent in this place.
 C = Inter-level travel time spent in this place.
 D = Time resting spent in this place.
 E = Time spent auto-exploring this place.
 F = Levels seen in this place.
 G = Mean time per level.
                   A        B        C        D        E       F      G
               +--------+--------+--------+--------+--------+-----+--------+
         Total |   8150 |   7986 |    164 |     41 |   6677 |   9 |  905.6 |
       Dungeon |   8067 |   7903 |    164 |     41 |   6616 |   8 | 1008.4 |
         Abyss |     82 |     82 |      0 |      0 |     61 |   1 |   82.0 |
               +--------+--------+--------+--------+--------+-----+--------+

Top non-repeatable levels by time:
     D:2: 1372 daAuts
     D:5: 1269 daAuts
     D:1: 1262 daAuts
     D:4: 1185 daAuts
     D:7: 984 daAuts
     D:3: 940 daAuts
     D:6: 809 daAuts
     D:8: 243 daAuts
 Abyss:1: 82 daAuts
